 Dungeon Crawl Stone Soup version 0.24.0-123-gd5b16e6ec5 (webtiles) character file.

Game seed: 9493529054034205327, levelgen mode: deterministic

17383 Johnny the Spear-Bearer (level 11, -4/101 HPs)
             Began as a Demigod Gladiator on Jan 26, 2020.
             Slain by a skeletal warrior
             ... wielding a +0 trident
             ... led by a skeletal warrior
              (25 damage)
             ... on level 13 of the Dungeon.
             The game lasted 00:12:55 (11408 turns).

Johnny the Spear-Bearer (Demigod Gladiator)        Turns: 11408, Time: 00:12:56

Health: -4/101     AC: 11    Str: 23    XL:     11   Next: 91%
Magic:  14/14      EV: 13    Int: 12    God:
Gold:   123        SH:  0    Dex: 17    Spells: 10/10 levels left

rFire    + . .     SeeInvis .   e - +3 halberd (venom)
rCold    . . .     Gourm    .   (shield currently unavailable)
rNeg     . . .     Faith    .   I - +1 troll leather armour
rPois    .         Spirit   .   c - +0 helmet
rElec    .         Reflect  .   z - +0 cloak
rCorr    +         Harm     +   y - +0 pair of gloves
MR       +....                  i - +2 pair of boots
Stlth    +.........             o - amulet of harm
HPRegen  0.66/turn              t - ring of resist corrosion
MPRegen  0.14/turn              D - ring of protection from fire

@: about to teleport, berserk cooldown, slowed, very slow
A: high mp 1
a: no special abilities


You were on level 13 of the Dungeon.
You were not hungry.

You visited 1 branch of the dungeon, and saw 13 of its levels.

You collected 1020 gold pieces.
You spent 897 gold pieces at shops.

Inventory:

Hand Weapons
 e - a +3 halberd of venom (weapon)
 C - the +2 trident of Lies {freeze, rF++ rN+++ Str-3 Int-3}
   (You found it on level 8 of the Dungeon)

   It has been specially enchanted to freeze those struck by it, causing extra
   injury to most foes and up to half again as much damage against particularly
   susceptible opponents.
   It can also slow down cold-blooded creatures.
   It affects your strength (-3).
   It affects your intelligence (-3).
   It greatly protects you from fire.
   It renders you almost immune to negative energy.
 F - a +0 vampiric halberd
Missiles
 x - 2 throwing nets (quivered)
Armour
 c - a +0 helmet (worn)
 i - a +2 pair of boots (worn)
 y - a +0 pair of gloves (worn)
 z - a +0 cloak (worn)
 I - a +1 troll leather armour (worn)
Jewellery
 o - an amulet of harm (around neck)
 p - an uncursed ring of flight
 t - a ring of resist corrosion (left hand)
 B - a +2 amulet of reflection {unknown}
 D - a ring of protection from fire (right hand)
 E - an uncursed amulet of regeneration
Wands
 r - a wand of iceblast (13)
 H - a wand of acid (3)
 J - a wand of random effects (30)
 K - a wand of polymorph (4)
Scrolls
 b - 7 scrolls of remove curse
 d - 2 scrolls of blinking
 j - 3 scrolls of fog
 k - 4 scrolls of noise
 n - a scroll of amnesia {unknown}
 s - a scroll of fear
 v - a scroll of teleportation
 A - a scroll of brand weapon
 L - 3 scrolls of magic mapping
Potions
 a - 4 potions of curing
 g - 6 potions of heal wounds
 l - a potion of flight
 m - a potion of might {unknown}
 q - a potion of cancellation {unknown}
 u - 3 potions of agility
 w - a potion of magic {unknown}
 G - a potion of invisibility {unknown}
 M - a potion of lignification {unknown}
Comestibles
 f - 32 rations
 h - 4 chunks of flesh


   Skills:
 + Level 10.7 Fighting
 + Level 14.7 Polearms
 - Level 1.7 Throwing
 - Level 2.6 Dodging


You had 10 spell levels left.
You didn't know any spells.
Your spell library contained the following spells:

 Spells                   Type           Power        Failure   Level  Hunger
 Beastly Appendage        Tmut           #.....       36%         1    ##.....
 Flame Tongue             Conj/Fire      #....        36%         1    ##.....
 Poisonous Vapours        Pois/Air       #.....       50%         2    ###....
 Sticks to Snakes         Tmut           #.......     50%         2    ###....
 Throw Flame              Conj/Fire      #.....       50%         2    ###....
 Conjure Flame            Conj/Fire      #.......     75%         3    ####...
 Inner Flame              Hex/Fire       #.......     75%         3    ####...
 Mephitic Cloud           Conj/Pois/Air  #.......     75%         3    ####...
 Spider Form              Tmut/Pois      #.........   75%         3    ####...
 Ice Form                 Ice/Tmut       #.......     98%         4    #####..
 Sticky Flame             Conj/Fire      #.......     98%         4    #####..
 Blade Hands              Tmut           #.........   100%        5    ######.
 Fireball                 Conj/Fire      #.........   100%        5    ######.
 Freezing Cloud           Conj/Ice/Air   #.........   100%        6    #######
 Ring of Flames           Chrm/Fire      #.........   100%        7    #######


Dungeon Overview and Level Annotations

Branches:
Dungeon (13/15)            Temple (0/1) D:4            Lair (0/6) D:9
    Orc (0/2) D:11
 Vaults: D:13-14

Shops:
D:4 (   D:10 =   D:12 ?!}(

Annotations:
D:11 1 runed translucent door, FishyPogo's ghost, journeyman GnTm


Innate Abilities, Weirdness & Mutations

You have an increased reservoir of magic. (+10% MP)


Message History

The skeletal warrior is lightly damaged.
The skeletal warrior hits you from afar with a +0 halberd!!
* * * LOW HITPOINT WARNING * * *
The skeletal warrior hits you from afar with a +0 glaive.
* * * LOW HITPOINT WARNING * * *
The skeletal warrior barely misses you.
Attack whom?
Press: ? - help, Dir - move target cursor, f - skeletal warrior
Aim: a skeletal warrior, wielding a +0 trident (lightly damaged)
You reach to attack!
You puncture the skeletal warrior!
The skeletal warrior is moderately damaged.
You feel a strong urge to attack something.
You are no longer berserk.
You are exhausted.
You feel yourself slow down.
Unknown command.
As you read the scroll of teleportation, it crumbles to dust.
You feel strangely unstable.
The skeletal warrior hits you from afar with a +0 trident!!
You die...

...# #..# *,,,,,,,,* #### ##.#
*******+** * ####.#### *****,* *
#.......# *,,,,,* * #.......#
*,***** ****** #.......# ##+#####
,,,,,***#.......# #......#
,,,,,**.........#### #>.....#
,,,,,*..#.......@.z#####......# *
,,,,,*.##.......##z.z..#......# *
,,,,,,,*#.......######.#......###
***,,,,,........# #.#......z..
,,,,,,,,........# #.z.z.z..###
,,,,,,,,........# ###......#
,,,,,*,*...###### ###+####
,,,,∩*,,,..,** *,,*
,,,***,*,**,,* ########+###


You could see 3 skeletal warriors.

Vanquished Creatures
  A hydra (D:9)
  4 two-headed ogres
  A skeletal warrior (D:13)
  A phantasmal warrior (D:13)
  Pikel (D:6)
  A manticore (D:12)
  An elephant (D:9)
  Psyche (D:12)
  A komodo dragon (D:12)
  A tengu conjurer (D:13)
  4 trolls
  Prince Ribbit (D:5)
  A hippogriff (D:11)
  2 dream sheep (D:9)
  3 yaks (D:9)
  2 wraiths
  2 basilisks
  A wyvern (D:10)
  A hungry ghost (D:7)
  Edmund (D:4)
  Grum (D:9)
  A soldier ant (D:12)
  10 orc warriors
  4 sky beasts
  3 slaves (D:6)
  An eye of draining (D:8)
  5 ice beasts
  A necrophage (D:7)
  3 phantoms
  3 black bears
  4 wolves
  5 ogres
  8 centaurs
  2 crocodiles (D:9)
  4 big kobolds
  Blork the orc (D:9)
  4 bullfrogs
  A gnoll sergeant (D:9)
  A wyvern zombie (D:8)
  A wyvern skeleton (D:11)
  3 scorpions
  13 killer bees
  3 howler monkeys
  4 wights
  5 crimson imps
  4 centaur zombies
  2 bullfrog zombies
  A quasit (D:7)
  9 hounds
  5 jellies
  6 orc priests
  3 bullfrog skeletons
  13 orc wizards
  Ijyb (D:4)
  An iguana (D:8)
  8 worker ants
  A hound zombie (D:6)
  A hound skeleton (D:6)
  A howler monkey skeleton (D:4)
  8 gnolls
  13 adders
  5 shadow imps
  3 adder skeletons
  2 worms
  3 dart slugs
  3 leopard geckos
  47 orcs
  2 ball pythons
  2 giant cockroaches
  8 goblins
  9 hobgoblins
  7 jackals
  14 kobolds
  5 quokkas
  9 bats
  5 frilled lizards
  A jackal skeleton (D:6)
  A leopard gecko skeleton (D:8)
  A quokka zombie (D:6)
  5 rats
331 creatures vanquished.

Vanquished Creatures (others)
  An orc wizard (D:11)
  A withered plant (D:6)
2 creatures vanquished.

Grand Total: 333 creatures vanquished

Notes
Turn   | Place    | Note
-------+----------+-------------------------------------------
     0 | D:1      | Johnny the Demigod Gladiator began the quest for the Orb.
     0 | D:1      | Reached XP level 1. HP: 17/17 MP: 3/3
   155 | D:1      | Reached skill level 3 in Polearms
   200 | D:1      | Reached XP level 2. HP: 22/24 MP: 4/4
   587 | D:2      | Reached XP level 3. HP: 29/29 MP: 5/5
   687 | D:2      | Reached skill level 4 in Polearms
  1197 | D:3      | Reached XP level 4. HP: 36/36 MP: 6/6
  1544 | D:3      | Reached skill level 5 in Polearms
  2108 | D:4      | Reached XP level 5. HP: 21/41 MP: 7/7
  2534 | D:4      | Reached skill level 6 in Polearms
  2731 | D:4      | Found Tuanu's Weapon Shop.
  2778 | D:4      | Reached XP level 6. HP: 45/48 MP: 8/8
  2806 | D:4      | Found a sacrificial altar of Ru.
  2876 | D:4      | Noticed Edmund
  2887 | D:4      | Killed Edmund
  2887 | D:4      | Reached skill level 7 in Polearms
  3084 | D:4      | Found a staircase to the Ecumenical Temple.
  3089 | D:4      | Noticed Ijyb
  3095 | D:4      | Killed Ijyb
  3155 | D:5      | Entered Level 5 of the Dungeon
  3228 | D:5      | Reached XP level 7. HP: 52/53 MP: 9/9
  3230 | D:5      | Reached skill level 8 in Polearms
  3641 | D:5      | Reached skill level 9 in Polearms
  3715 | D:5      | Noticed Prince Ribbit
  3726 | D:5      | Found a burning altar of Makhleb.
  3728 | D:5      | Killed Prince Ribbit
  3728 | D:5      | Reached XP level 8. HP: 14/60 MP: 10/10
  4338 | D:6      | Reached skill level 10 in Polearms
  4404 | D:6      | Noticed Pikel
  4411 | D:6      | Killed Pikel
  4535 | D:6      | Reached skill level 11 in Polearms
  4639 | D:6      | Found a basalt altar of Yredelemnul.
  5238 | D:6      | Reached XP level 9. HP: 66/68 MP: 11/11
  5346 | D:7      | Found a snail-covered altar of Cheibriados.
  6023 | D:7      | Reached skill level 12 in Polearms
  6198 | D:8      | Reached skill level 5 in Fighting
  6206 | D:8      | Got a fine trident
  6207 | D:8      | Identified the +2 trident of Lies {freeze, rF++ rN+++ Str-3
                  | Int-3} (You found it on level 8 of the Dungeon)
  6978 | D:8      | Found a radiant altar of Vehumet.
  7016 | D:9      | Noticed Grum
  7355 | D:9      | Killed Grum
  7473 | D:9      | Reached XP level 10. HP: 75/83 MP: 13/13
  7928 | D:9      | Noticed a three-headed hydra
  7948 | D:9      | Killed a three-headed hydra
  7948 | D:9      | Reached skill level 13 in Polearms
  8152 | D:9      | Noticed Blork the orc
  8166 | D:9      | Killed Blork the orc
  8419 | D:9      | Noticed an elephant
  8421 | D:9      | Found a burning altar of Makhleb.
  8429 | D:9      | Killed an elephant
  8650 | D:9      | Found a hide-covered altar of Uskayaw.
  8749 | D:9      | Found a staircase to the Lair.
  9050 | D:10     | Entered Level 10 of the Dungeon
  9182 | D:10     | Reached XP level 11. HP: 54/95 MP: 14/14
  9435 | D:10     | Noticed a two-headed ogre
  9446 | D:10     | Killed a two-headed ogre
  9636 | D:10     | Found Fulaywor's Jewellery Boutique.
  9957 | D:11     | Found a shimmering altar of Xom.
  9957 | D:11     | Found a shimmering altar of Xom.
  9959 | D:11     | Found a shimmering altar of Xom.
 10137 | D:11     | Noticed a two-headed ogre
 10160 | D:11     | Killed a two-headed ogre
 10160 | D:11     | Reached skill level 14 in Polearms
 10177 | D:11     | Found a runed translucent door.
 10178 | D:11     | Noticed FishyPogo's ghost (journeyman GnTm)
 10209 | D:11     | Noticed a two-headed ogre
 10220 | D:11     | Killed a two-headed ogre
 10383 | D:11     | Reached skill level 10 in Fighting
 10450 | D:11     | Found a staircase to the Orcish Mines.
 10491 | D:11     | Noticed a two-headed ogre
 10507 | D:11     | Killed a two-headed ogre
 10657 | D:12     | Found Suufuys's Magic Scroll Shop.
 10666 | D:12     | Bought a scroll of identify for 26 gold pieces
 10666 | D:12     | Bought a scroll of identify for 26 gold pieces
 10666 | D:12     | Bought a scroll of teleportation for 39 gold pieces
 10666 | D:12     | Bought a scroll of acquirement for 676 gold pieces
 10699 | D:12     | Found Zaluakly's Gadget Shop.
 10752 | D:12     | Noticed Psyche
 10764 | D:12     | Killed Psyche
 10781 | D:12     | Found Numiapto's Weapon Emporium.
 10793 | D:12     | Found Vogithrey's Distillery.
 10800 | D:12     | Bought a potion of berserk rage for 65 gold pieces
 10800 | D:12     | Bought a potion of heal wounds for 65 gold pieces
 11197 | D:13     | Noticed a phantasmal warrior
 11197 | D:13     | Noticed a death knight
 11216 | D:13     | Killed a phantasmal warrior
 11381 | D:13     | Noticed a skeletal warrior
 11381 | D:13     | Noticed a skeletal warrior
 11381 | D:13     | Noticed a skeletal warrior
 11381 | D:13     | Noticed a skeletal warrior
 11400 | D:13     | Killed a skeletal warrior
 11408 | D:13     | Slain by a skeletal warrior

Levels and vault maps discovered:
D:1:      evilmike_arrival_grusome_pit, layout_rooms
D:2:      layout_rooms, first_ration, serial_park_tiny_pond, dk_noncrumbling_4
D:3:      layout_rooms
D:4:      layout_rooms, nicolae_overflow_crystal_walls,
          minmay_temple_entry_overgrown, serial_shops, kennysheep_little_box,
          uniq_ijyb, uniq_edmund
D:5:      layout_loops_ring, basic_altar, st_stairs_4, minmay_between,
          uniq_prince_ribbit1
D:6:      layout_basic, yredelemnul_altar_generic, serial_undead,
          serial_undead_c, serial_undead_c, serial_undead_c, serial_undead_f,
          uniq_pikel
D:7:      layout_cave_pools, cheibriados_altar_1
D:8:      layout_loops_ring, kennysheep_mini
D:9:      layout_irregular_city, minitemple, david_lair_generic, hangedman_ranch
          [blue_anna_fruit_fields], grunt_ministairs_12,
          roderic_serpentine_path, hangedman_abyss_or_decor_slice,
          sword_in_stone, uniq_grum
D:10:     layout_rooms, serial_shops, shop
D:11:     layout_big_octagon, david_orc_4, ebering_ghost_reflecting_pool,
          xom_redecorated
D:12:     layout_cave_pools, serial_column_ruins, column_ruins_hut_water,
          column_ruins_hut, column_ruins_columns_T,
          column_ruins_columns_straight, column_ruins_open_tiny,
          column_ruins_open_medium, serial_shops, nicolae_shop_behind_doors,
          shop, shop, shop_statue, uniq_psyche
D:13:     layout_roguey, david_vaults_2,
          portal_ice_cave_entry_animals_and_master, evilmike_butchery

Skill      XL: |  1  2  3  4  5  6  7  8  9 10 11 |
---------------+----------------------------------+-----
Polearms       | 3 4 5 6 7 9 11 12 13 14 | 14.7
Fighting       | 2 6 8 10 | 10.7
Throwing       | |  1.7
Dodging        | |  2.6

Action                   |  1- 3 |  4- 6 |  7- 9 | 10-12 || total
-------------------------+-------+-------+-------+-------++-------
Melee: Trident           |   179 |    25 |       |    12 ||   216
       Halberd           |       |   104 |   363 |   445 ||   912
Throw: Throwing net      |       |     3 |       |       ||     3
Evoke: Wand              |       |       |     2 |     7 ||     9
  Use: Potion            |       |     4 |       |     5 ||     9
       Scroll            |       |     3 |     5 |    14 ||    22
 Stab: Held in net/web   |       |     1 |       |       ||     1
       Confused          |       |       |     5 |       ||     5
       Distracted        |       |       |       |     1 ||     1
  Eat: Chunk             |     1 |     5 |    20 |    13 ||    39
Armor: Ring mail         |    87 |       |       |       ||    87
       Scale mail        |     5 |    55 |   131 |    85 ||   276
       Troll leather arm |       |       |       |    44 ||    44
Dodge: Dodged            |   156 |    60 |   188 |   175 ||   579
